[Event "Titled Tuesday Blitz January 17 Early 2023"]
[White "Reprintsev, Alexander"]
[Black "Ozen, Bahadir"]
[WhiteFideId "14100541"]
[BlackFideId "6337058"]
[WhiteElo "2253"]
[BlackElo "2369"]
[Result "0-1"]
[Round "02"]
[TimeControl "180+2"]
[Date "2023.01.17"]
[WhiteClock "0:00:32"]
[BlackClock "0:00:45"]

1. e4 c6 2. Nc3 d5 3. Nf3 Bg4 4. h3 Bxf3 5. Qxf3 e6 6. b3 Nf6 7. e5 Nfd7 8. Qg3 g5 9. h4 Bg7 10. d4 f6 11. Be2 O-O 12. hxg5 fxe5 13. Qh3 Rf5 14. Qxh7+ Kf8 15. g4 Rf4 16. Bxf4 exf4 17. O-O-O c5 18. Bf3 Nc6 19. Nxd5 Nxd4 20. Rxd4 cxd4 21. Nxf4 Qxg5 22. Qe4 Nc5 23. Qe2 Qxf4+ 24. Kb1 d3 25. cxd3 Qd4 26. Rh7 Qa1+ 27. Kc2 Qxa2+ 28. Kd1 Qa1+ 29. Kd2 Nxb3+ 30. Ke3 Qd4# 0-1


[Site "https://www.chess.com"]

[Event "Titled Tuesday Blitz January 17 Early 2023"]
[White "Yuan, Qingyu"]
[Black "Poeta, Caio Medeiros"]
[WhiteFideId "8609772"]
[BlackFideId "2142660"]
[WhiteElo "2373"]
[BlackElo "2088"]
[Result "1-0"]
[Round "02"]
[TimeControl "180+2"]
[Date "2023.01.17"]
[WhiteClock "0:00:21"]
[BlackClock "0:00:09"]

1. e4 c6 2. d4 d5 3. exd5 cxd5 4. Bd3 Nf6 5. h3 Nc6 6. c3 g6 7. Nf3 Bg7 8. O-O O-O 9. Bf4 Bf5 10. Re1 Rc8 11. Bf1 a6 12. Nbd2 b5 13. Nb3 Ne4 14. Nfd2 Nd6 15. Nc5 Ra8 16. a4 bxa4 17. Bxa6 Qb6 18. Qxa4 Nb8 19. Qb3 Qxb3 20. Ndxb3 Nc6 21. Bf1 Rxa1 22. Rxa1 Ne4 23. Nxe4 Bxe4 24. Nc5 Bc2 25. Ra6 Rc8 26. Bb5 Bxd4 27. Nd7 e5 28. Bxc6 Bxf2+ 29. Kxf2 exf4 30. Ra8 Rxa8 31. Bxa8 Kg7 32. Bxd5 g5 33. b4 f5 34. b5 h5 35. b6 g4 36. hxg4 fxg4 37. b7 Bf5 38. Nc5 h4 39. Be4 Kf6 40. Bxf5 Kxf5 41. b8=Q h3 42. Qf8+ Kg5 43. Ne6+ Kh4 44. Qh6# 1-0


[Site "https://www.chess.com"]

[Event "Titled Tuesday Blitz January 17 Early 2023"]
[White "Postny, Evgeny"]
[Black "Boder, Jan"]
[WhiteFideId "2804344"]
[BlackFideId "16243226"]
[WhiteElo "2549"]
[BlackElo "2294"]
[Result "1-0"]
[Round "02"]
[TimeControl "180+2"]
[Date "2023.01.17"]
[WhiteClock "0:00:47"]
[BlackClock "0:00:01"]

1. e4 c5 2. Nf3 Nc6 3. Bb5 e6 4. O-O Nge7 5. Re1 a6 6. Bf1 Ng6 7. d4 cxd4 8. Nxd4 Bc5 9. Nb3 Ba7 10. c4 O-O 11. Nc3 d6 12. Be3 Bb8 13. Qd2 Bc7 14. Rad1 b6 15. f4 Bb7 16. g3 Nb8 17. h4 Nd7 18. h5 Ne7 19. h6 g6 20. Bg2 Nc5 21. Nxc5 bxc5 22. e5 Bxg2 23. Qxg2 Qb8 24. Ne4 dxe5 25. Nf6+ Kh8 26. Nd7 Qb4 27. Bxc5 Qxc4 28. Bxe7 Rfe8 29. Bf6+ Kg8 30. Bxe5 Bxe5 31. fxe5 Rad8 32. Nf6+ Kh8 33. Nxe8 Rxe8 34. Qf2 Kg8 35. Rd7 Rf8 36. Qf6 Qd4+ 37. Rxd4 1-0


[Site "https://www.chess.com"]

[Event "Titled Tuesday Blitz January 17 Early 2023"]
[White "Bruned, Yvain"]
[Black "Averjanov, Alexey"]
[WhiteFideId "2250292"]
[BlackFideId "14109867"]
[WhiteElo "2286"]
[BlackElo "2399"]
[Result "1/2-1/2"]
[Round "02"]
[TimeControl "180+2"]
[Date "2023.01.17"]
[WhiteClock "0:01:55"]
[BlackClock "0:02:18"]

1. b3 b6 2. Bb2 Bb7 3. e3 e6 4. Nf3 Nf6 5. Be2 Be7 6. d4 O-O 7. O-O d5 8. c4 Nbd7 9. Nbd2 c5 10. Rc1 Rc8 11. Rc2 Rc7 12. Qa1 Qa8 13. Rfc1 Rfc8 14. cxd5 Bxd5 15. dxc5 Rxc5 16. Rxc5 Rxc5 17. Rxc5 Nxc5 18. Bf1 Ne8 19. Nd4 Bf6 20. Nb5 Bxb2 21. Qxb2 Nf6 22. b4 Nce4 23. Nxe4 Bxe4 24. a3 h6 25. Nc3 Bb7 26. Qd2 Qc8 27. Qd4 Qd7 28. Qxd7 Nxd7 29. f4 Kf8 30. Kf2 Ke7 31. g3 Nf6 32. Be2 Ne4+ 33. Nxe4 Bxe4 34. Ke1 Kd6 35. Kd2 e5 36. Kc3 f6 37. Bc4 g5 38. Bg8 Bd5 39. Bh7 Bf7 40. Bf5 Bg8 41. Kd3 Ba2 42. Kc3 a5 43. h4 Bd5 44. fxg5 fxg5 45. hxg5 hxg5 46. Kd2 axb4 47. axb4 Be6 48. Bxe6 Kxe6 49. e4 b5 50. g4 Kf6 51. Ke2 Kg6 52. Kd2 Kh6 53. Ke2 Kh7 54. Kf2 Kh8 55. Ke2 Kg7 56. Kf2 Kg6 57. Ke2 Kf6 58. Kf2 Kf7 59. Ke2 Kf8 60. Kf2 Ke7 61. Ke2 Ke6 62. Kf2 Kd6 63. Ke2 Kd7 64. Kf2 Kd8 65. Ke2 Kc7 66. Kf2 Kc6 67. Ke2 Kb6 68. Kf2 Ka6 69. Ke2 Ka7 70. Kf2 Ka8 71. Ke2 Kb8 72. Kf2 Ka7 73. Ke2 Kb6 74. Kf2 Kc7 75. Ke2 Kd6 76. Kf2 Ke7 77. Ke2 Kf6 78. Kf2 Kg7 79. Ke2 Kh6 80. Kf2 Kg6 81. Ke2 Kh7 82. Kf2 Kg8 83. Ke2 Kf7 84. Kf2 Ke6 85. Ke2 Kd7 86. Kf2 Kc6 87. Ke2 Kb7 88. Kf2 Ka6 89. Ke2 Kb6 1/2-1/2


[Site "https://www.chess.com"]

[Event "Titled Tuesday Blitz January 17 Early 2023"]
[White "Krysa, Leandro"]
[Black "Szyszylo, Rafal"]
[WhiteFideId "116807"]
[BlackFideId "1109626"]
[WhiteElo "2541"]
[BlackElo "2091"]
[Result "1-0"]
[Round "02"]
[TimeControl "180+2"]
[Date "2023.01.17"]
[WhiteClock "0:00:33"]
[BlackClock "0:00:01"]

1. e4 d6 2. d4 Nf6 3. Nc3 g6 4. Nf3 Bg7 5. Be2 O-O 6. O-O Bg4 7. Be3 Bxf3 8. Bxf3 e5 9. dxe5 dxe5 10. Ne2 Qe7 11. c3 Rc8 12. a4 a5 13. Qc2 Na6 14. Nc1 Nc5 15. Nb3 Nxb3 16. Qxb3 b6 17. Rfd1 Rd8 18. Qc4 h5 19. h3 Kh7 20. Bg5 c5 21. Rxd8 Rxd8 22. Rd1 Rxd1+ 23. Bxd1 Bh6 24. Bh4 g5 25. Bg3 h4 26. Bh2 Kg6 27. Qd3 Qd7 28. Qxd7 Nxd7 29. Bg4 Nf6 30. Bf5+ Kh5 31. Bxe5 Bg7 32. Bc7 Ne8 33. Bxb6 Nd6 34. Bxc5 Nc4 35. b4 Bxc3 36. b5 Bb4 37. Bxb4 axb4 38. e5 Nxe5 39. a5 Nc4 40. a6 Nb6 41. a7 b3 42. Kf1 b2 43. Ke1 Kh6 44. Kd2 Kg7 45. Kc2 Kf6 46. Be4 Ke5 47. a8=Q Nxa8 48. Bxa8 Kd4 49. Kxb2 Kc5 50. Kc3 1-0


[Site "https://www.chess.com"]

[Event "Titled Tuesday Blitz January 17 Early 2023"]
[White "Wagner, Dennis"]
[Black "Papayan, Oleg"]
[WhiteFideId "24650684"]
[BlackFideId "4193911"]
[WhiteElo "2595"]
[BlackElo "2253"]
[Result "1-0"]
[Round "02"]
[TimeControl "180+2"]
[Date "2023.01.17"]
[WhiteClock "0:00:37"]
[BlackClock "0:01:42"]

1. d4 Nf6 2. Nf3 g6 3. c4 Bg7 4. Nc3 d5 5. cxd5 Nxd5 6. e4 Nxc3 7. bxc3 c5 8. Be3 O-O 9. Be2 cxd4 10. cxd4 Qa5+ 11. Bd2 Qa3 12. O-O Bg4 13. Bc1 Qd6 14. Be3 Nc6 15. e5 Qd7 16. Rb1 Rfd8 17. h3 Bxf3 18. Bxf3 Nxd4 19. Rxb7 Nxf3+ 20. Qxf3 Qe6 21. Bc5 Qxa2 22. Rxe7 Qd5 23. Re8+ Bf8 24. Rxf8+ 1-0


[Site "https://www.chess.com"]

[Event "Titled Tuesday Blitz January 17 Early 2023"]
[White "Qashashvili, Alexandre"]
[Black "Sadubayev, Airat"]
[WhiteFideId "13600842"]
[BlackFideId "13713264"]
[WhiteElo "2505"]
[BlackElo "2320"]
[Result "1-0"]
[Round "02"]
[TimeControl "180+2"]
[Date "2023.01.17"]
[WhiteClock "0:00:16"]
[BlackClock "0:00:07"]

1. e4 c6 2. d4 d5 3. Nc3 dxe4 4. Nxe4 Bf5 5. Ng3 Bg6 6. Nf3 Nd7 7. Bd3 Bxd3 8. Qxd3 e6 9. Bf4 Qa5+ 10. c3 Ngf6 11. O-O Be7 12. Ne5 Nxe5 13. Bxe5 Rd8 14. Qf3 Qd5 15. Qxd5 cxd5 16. Rfe1 Kd7 17. Re2 h5 18. h3 h4 19. Nf1 Rhg8 20. Ne3 Ne4 21. f3 Nd6 22. Rae1 Rc8 23. Kf2 Nc4 24. Nxc4 Rxc4 25. Re3 g6 26. Ke2 Rgc8 27. Kd3 b5 28. a3 a5 29. Ra1 Ke8 30. Bh2 b4 31. axb4 axb4 32. Kd2 bxc3+ 33. bxc3 Bg5 34. f4 Be7 35. Ra2 R4c6 36. Rc2 Ra6 37. Re1 Bd6 38. Kd3 Kd7 39. Rf1 Ra3 40. Bg1 Rb8 41. Be3 Rbb3 42. Rfc1 Ra8 43. Rf1 Rba3 44. Bd2 Ra2 45. Rxa2 Rxa2 46. Rb1 Kc6 47. Rc1 Ra8 48. Rf1 Rh8 49. Ra1 Rb8 50. Ra6+ Kd7 51. Ra7+ Ke8 52. Ra1 Be7 53. Rc1 Rb2 54. Ra1 f5 55. Rc1 Kf7 56. Rc2 Rb3 57. Ra2 Rb7 58. Be1 Rb1 59. Re2 Bd6 60. Bd2 Rg1 61. Rf2 Be7 62. Be3 Rd1+ 63. Bd2 g5 64. fxg5 Bxg5 65. Kc2 Rxd2+ 66. Rxd2 Bxd2 67. Kxd2 Kf6 68. Ke3 e5 69. dxe5+ Kxe5 70. Kf3 Ke6 71. Kf4 Kf6 72. g3 hxg3 73. Kxg3 Ke5 74. Kf3 f4 75. h4 Kf5 76. h5 Kg5 77. h6 Kxh6 78. Kxf4 Kg6 79. Ke5 d4 80. cxd4 Kf7 81. Kd6 Ke8 82. Kc7 1-0


[Site "https://www.chess.com"]

[Event "Titled Tuesday Blitz January 17 Early 2023"]
[White "Msellek, Ilyass"]
[Black "Melikhov, Evgeny V."]
[WhiteFideId "675938"]
[BlackFideId "4122046"]
[WhiteElo "2420"]
[BlackElo "2269"]
[Result "1-0"]
[Round "02"]
[TimeControl "180+2"]
[Date "2023.01.17"]
[WhiteClock "0:01:45"]
[BlackClock "0:00:02"]

1. d4 Nf6 2. Nf3 d5 3. g3 Bg4 4. Ne5 Bf5 5. c4 c6 6. Nc3 e6 7. Qb3 Qb6 8. c5 Qxb3 9. axb3 Nbd7 10. Nxd7 Nxd7 11. b4 e5 12. e3 Be7 13. b5 O-O 14. bxc6 bxc6 15. Ba6 Rab8 16. Ra4 Bc2 17. Ra2 Rb3 18. Kd2 Bg6 19. Be2 Ra8 20. Bd1 Rb4 21. Ra4 a5 22. Ne2 Rb5 23. f4 f6 24. Nc3 Rb4 25. Bg4 Rxa4 26. Nxa4 Be4 27. Re1 f5 28. Be2 exd4 29. exd4 Rb8 30. Ke3 Rb3+ 31. Kf2 Bf6 32. Be3 Rb4 33. Nc3 Bxd4 34. Bxd4 Rxd4 35. Ra1 Nxc5 36. Rxa5 Nd3+ 37. Ke3 c5 38. Rxc5 Nxc5 39. Kxd4 Nb3+ 40. Ke5 d4 41. Nxe4 fxe4 42. Bc4+ Kf8 43. Bxb3 d3 44. Kxe4 1-0


[Site "https://www.chess.com"]

[Event "Titled Tuesday Blitz January 17 Early 2023"]
[White "Fernandez Siles, Luis"]
[Black "Dixit, Nikhil"]
[WhiteFideId "2209420"]
[BlackFideId "5059534"]
[WhiteElo "2218"]
[BlackElo "2257"]
[Result "0-1"]
[Round "02"]
[TimeControl "180+2"]
[Date "2023.01.17"]
[WhiteClock "0:00:57"]
[BlackClock "0:01:24"]

1. d4 Nf6 2. c4 g6 3. Nc3 Bg7 4. e4 d6 5. Nf3 O-O 6. Be2 Nbd7 7. O-O e5 8. Re1 exd4 9. Nxd4 Nc5 10. Bf1 Re8 11. f3 c6 12. Kh1 Nh5 13. g3 f5 14. exf5 Rxe1 15. Qxe1 Bxd4 16. fxg6 hxg6 17. Be3 Bf6 18. Rd1 Qe7 19. Qd2 Ng7 20. Bxc5 dxc5 21. Ne4 Bf5 22. Bd3 Rd8 23. Qf4 Bxe4 24. fxe4 Qe5 25. Qh6 Rxd3 0-1


[Site "https://www.chess.com"]

[Event "Titled Tuesday Blitz January 17 Early 2023"]
[White "Tologon tegin, Semetei"]
[Black "Rosenberg, Evan S"]
[WhiteFideId "13800574"]
[BlackFideId "2019299"]
[WhiteElo "2372"]
[BlackElo "1956"]
[Result "1-0"]
[Round "02"]
[TimeControl "180+2"]
[Date "2023.01.17"]
[WhiteClock "0:00:10"]
[BlackClock "0:00:04"]

1. Nf3 d5 2. g3 Nd7 3. Bg2 e5 4. d3 Ngf6 5. O-O Bd6 6. c4 c6 7. cxd5 cxd5 8. Bg5 O-O 9. Nc3 h6 10. Bxf6 Nxf6 11. Nd2 Be6 12. Qb3 Bc5 13. Na4 Bb6 14. Nxb6 axb6 15. a3 Ra6 16. Rac1 Qd7 17. Nf3 e4 18. Nd4 Bh3 19. Rfd1 Bxg2 20. Kxg2 Re8 21. dxe4 Nxe4 22. Qb5 Qe7 23. Qxd5 Nf6 24. Qf3 Ra5 25. e3 Ne4 26. h4 Re5 27. Qf4 Nf6 28. Nf5 Qe6 29. Nd6 Re7 30. Nc4 Rf5 31. Qb8+ Kh7 32. Rd2 Qe4+ 33. Kg1 Ng4 34. Nd6 Qf3 35. Nxf5 Qxf5 36. Qf4 Qg6 37. Rc4 Ne5 38. Rcd4 Re6 39. Kg2 Nc6 40. Rd6 Rxd6 41. Rxd6 Qc2 42. Qxf7 Qe4+ 43. Qf3 Qe5 44. Qf4 Qxb2 45. Rd7 Qe5 46. Qxe5 Nxe5 47. Rxb7 1-0


[Site "https://www.chess.com"]

[Event "Titled Tuesday Blitz January 17 Early 2023"]
[White "I_KID_you_not"]
[Black "Fiorito, Joaquin"]
[BlackFideId "180173"]
[WhiteElo "2332"]
[BlackElo "2405"]
[Result "0-1"]
[Round "02"]
[TimeControl "180+2"]
[Date "2023.01.17"]
[WhiteClock "0:00:01"]
[BlackClock "0:00:14"]

1. e4 c6 2. d4 d5 3. exd5 cxd5 4. Bd3 Nc6 5. c3 Qc7 6. Ne2 Nf6 7. Bf4 Qb6 8. Qb3 Bg4 9. Qxb6 axb6 10. h3 Bh5 11. Na3 Bg6 12. Bxg6 hxg6 13. Nb5 Kd7 14. Nc1 e6 15. Nd3 Ne8 16. Kd2 Nd6 17. Nxd6 Bxd6 18. Bxd6 Kxd6 19. f4 Na5 20. Ne5 Ke7 21. Kd3 Nc6 22. a3 Na5 23. Rae1 b5 24. g4 Nc4 25. Re2 Nd6 26. Rhh2 Rh7 27. Nf3 Ne4 28. Ng5 Nxg5 29. fxg5 Rah8 30. Re3 Rh4 31. Rg3 f6 32. gxf6+ gxf6 33. Ke3 g5 34. Kf3 Kf7 35. Kg2 Re8 36. Rf3 Rh6 37. Rh1 e5 38. dxe5 Rxe5 39. Rf2 Rh8 40. Rhf1 Re6 41. Rd2 Rd8 42. Rf3 Re5 43. Rdf2 Rd6 44. Rd2 Ke7 45. Kg3 Re4 46. Rfd3 Ke6 47. Rf2 d4 48. cxd4 Rexd4 49. Rxd4 Rxd4 50. Rf5 Rd3+ 51. Rf3 Rxf3+ 52. Kxf3 Kd5 53. Kg3 Kc4 54. h4 gxh4+ 55. Kxh4 Kb3 56. Kh5 Kxb2 57. Kg6 Kxa3 58. Kxf6 b4 59. g5 b3 60. g6 b2 61. g7 b1=Q 62. g8=Q Qb2+ 63. Ke7 Qe5+ 64. Kd7 b5 65. Qa8+ Kb4 66. Qf8+ Qc5 67. Qf4+ Qc4 68. Qd2+ Qc3 69. Qd6+ Kb3 70. Qd5+ Ka4 71. Qa8+ Kb4 0-1


[Site "https://www.chess.com"]

[Event "Titled Tuesday Blitz January 17 Early 2023"]
[White "Bodnaruk, Anastasia"]
[Black "Tsotsonava, Elene"]
[WhiteFideId "4181751"]
[BlackFideId "13615939"]
[WhiteElo "2350"]
[BlackElo "2053"]
[Result "0-1"]
[Round "02"]
[TimeControl "180+2"]
[Date "2023.01.17"]
[WhiteClock "0:00:01"]
[BlackClock "0:00:17"]

1. e4 e5 2. Nf3 Nc6 3. Bb5 a6 4. Ba4 Nf6 5. O-O Be7 6. Re1 b5 7. Bb3 O-O 8. a4 b4 9. d3 d6 10. a5 Bg4 11. c3 Rb8 12. Nbd2 h6 13. Bc4 Bc8 14. d4 Re8 15. Qa4 Bd7 16. Qa2 Rf8 17. d5 Na7 18. Bxa6 Nh5 19. Bf1 f5 20. Nxe5 dxe5 21. d6+ Kh8 22. dxe7 Qxe7 23. exf5 Bxf5 24. Nc4 e4 25. Be3 c5 26. Nb6 Nf6 27. cxb4 cxb4 28. Red1 Ng4 29. b3 Qh4 30. h3 Nxe3 31. fxe3 Qg5 32. Nc4 Bxh3 33. Qd2 Rb5 34. Ra2 Rbf5 35. Nd6 Re5 36. a6 Qg3 37. Qe1 Qg6 38. Nc4 Rg5 39. Qh4 Rxf1+ 40. Kxf1 Bxg2+ 41. Ke1 Bf3 42. Rd8+ Kh7 43. Kd2 Rg2+ 44. Kc1 Rxa2 45. Nd2 Qg1+ 0-1


[Site "https://www.chess.com"]

[Event "Titled Tuesday Blitz January 17 Early 2023"]
[White "Aldokhin, Ivan"]
[Black "Onslow, Alfie"]
[WhiteFideId "24115720"]
[BlackFideId "436976"]
[WhiteElo "2413"]
[BlackElo "2157"]
[Result "1-0"]
[Round "02"]
[TimeControl "180+2"]
[Date "2023.01.17"]
[WhiteClock "0:00:05"]
[BlackClock "0:00:02"]

1. e4 c5 2. Nf3 Nc6 3. d4 cxd4 4. Nxd4 Qc7 5. Nc3 e6 6. Nxc6 bxc6 7. Bd3 d5 8. O-O Nf6 9. Qe2 Be7 10. Bg5 O-O 11. e5 Ne4 12. Nxe4 dxe4 13. Qxe4 g6 14. Bxe7 Qxe7 15. Rad1 Bb7 16. Qc4 c5 17. Be4 Rab8 18. b3 Bxe4 19. Qxe4 Rb4 20. Qe3 Rc8 21. Rd6 c4 22. Rfd1 cxb3 23. cxb3 Rb7 24. g3 Rbc7 25. h4 h5 26. Qd4 Kg7 27. Rd7 Qa3 28. Qf4 Rxd7 29. Rxd7 Rf8 30. g4 Qxa2 31. gxh5 Qb1+ 32. Kh2 Qf5 33. Qxf5 gxf5 34. Rxa7 Rb8 35. h6+ Kg6 36. h7 Rh8 37. h5+ Kg7 38. Kg3 Rxh7 39. Kh4 Rh8 40. Kg5 Rg8 41. b4 Rb8 42. h6+ Kg8 43. Kf6 Rxb4 44. Rxf7 Rh4 45. Kxe6 Rxh6+ 46. Rf6 Rh2 47. Rxf5 Kg7 48. Kd7 Rh8 49. e6 Kg6 50. Rc5 Rh7+ 51. e7 Kf6 52. Rc6+ Ke5 53. Re6+ Kd5 54. Rd6+ Kc5 55. Rg6 Kd5 56. Kd8 Rh8+ 57. e8=Q Rxe8+ 58. Kxe8 1-0


[Site "https://www.chess.com"]

[Event "Titled Tuesday Blitz January 17 Early 2023"]
[White "Riverol, Jose"]
[Black "Pak, Yevgeniy"]
[WhiteFideId "3000427"]
[BlackFideId "14201712"]
[WhiteElo "2304"]
[BlackElo "2384"]
[Result "0-1"]
[Round "02"]
[TimeControl "180+2"]
[Date "2023.01.17"]
[WhiteClock "0:00:06"]
[BlackClock "0:01:11"]

1. d4 Nf6 2. c4 c5 3. Nf3 cxd4 4. Nxd4 e6 5. g3 d5 6. Bg2 e5 7. Nb3 d4 8. O-O Nc6 9. e3 d3 10. Nc3 h5 11. Nd5 Nb4 12. Nxf6+ gxf6 13. Bd2 Bg4 14. f3 Be6 15. Bxb4 Bxb4 16. Nd2 Qb6 17. Re1 O-O-O 18. b3 h4 19. Rc1 hxg3 20. hxg3 Bh3 0-1


[Site "https://www.chess.com"]

[Event "Titled Tuesday Blitz January 17 Early 2023"]
[White "Padmini, Rout"]
[Black "parintele_chess"]
[WhiteFideId "5029295"]
[WhiteElo "2375"]
[BlackElo "2259"]
[Result "1-0"]
[Round "02"]
[TimeControl "180+2"]
[Date "2023.01.17"]
[WhiteClock "0:01:17"]
[BlackClock "0:00:02"]

1. e4 e5 2. Nf3 Nc6 3. Bc4 Nf6 4. d3 Bc5 5. O-O O-O 6. c3 d6 7. Nbd2 h6 8. h3 Re8 9. Re1 a6 10. Bb3 Be6 11. Nf1 d5 12. Ng3 dxe4 13. dxe4 Qxd1 14. Rxd1 Bxb3 15. axb3 Rad8 16. Rxd8 Rxd8 17. Kf1 Nd7 18. Ke2 f6 19. h4 Nf8 20. h5 Ne6 21. Nf5 Ne7 22. N3h4 Kf7 23. g3 Ng5 24. b4 Bb6 25. Nxe7 Kxe7 26. Nf5+ Kf7 27. Bxg5 hxg5 28. g4 c5 29. bxc5 Bxc5 30. f3 Bf8 31. Ne3 g6 32. hxg6+ Kxg6 33. Nd5 Bg7 34. Rh1 Rh8 35. Rxh8 Bxh8 36. Kd3 Bg7 37. Kc4 Bf8 38. b4 b5+ 39. Kb3 Bd6 40. c4 bxc4+ 41. Kxc4 Kf7 42. Kb3 Ke6 43. Ka4 Kd7 44. Ka5 1-0


[Site "https://www.chess.com"]

[Event "Titled Tuesday Blitz January 17 Early 2023"]
[White "Kiseleva, Arina"]
[Black "Sadhwani, Raunak"]
[WhiteFideId "4164989"]
[BlackFideId "35093487"]
[WhiteElo "1962"]
[BlackElo "2627"]
[Result "0-1"]
[Round "02"]
[TimeControl "180+2"]
[Date "2023.01.17"]
[WhiteClock "0:00:25"]
[BlackClock "0:02:10"]

1. d4 g6 2. c4 Bg7 3. e4 d6 4. Nf3 Nd7 5. Nc3 Ngf6 6. h3 O-O 7. Be3 e5 8. d5 Nh5 9. Qd2 a5 10. g4 Nf4 11. Bxf4 exf4 12. Qxf4 a4 13. a3 Nc5 14. Nd2 Ra6 15. h4 Rb6 16. Nd1 Be5 17. Qf3 Re8 18. h5 Qg5 19. hxg6 hxg6 20. Be2 Nb3 21. Nb1 Nxa1 22. Qh3 Nc2+ 23. Kf1 Nd4 24. Ne3 Nxe2 25. Kxe2 Rxb2+ 26. Nd2 Bc3 27. Rd1 Rxd2+ 28. Rxd2 Bxd2 29. Kxd2 Rxe4 0-1


[Site "https://www.chess.com"]

[Event "Titled Tuesday Blitz January 17 Early 2023"]
[White "Esipenko, Andrey"]
[Black "Jumanov, Elbek"]
[WhiteFideId "24175439"]
[BlackFideId "14202905"]
[WhiteElo "2679"]
[BlackElo "2155"]
[Result "1-0"]
[Round "02"]
[TimeControl "180+2"]
[Date "2023.01.17"]
[WhiteClock "0:00:11"]
[BlackClock "0:00:03"]

1. Nf3 Nf6 2. c4 c5 3. Nc3 Nc6 4. g3 g6 5. Bg2 Bg7 6. O-O O-O 7. d4 cxd4 8. Nxd4 d6 9. Nc2 Be6 10. b3 Qd7 11. Bb2 Bh3 12. Rb1 Bxg2 13. Kxg2 Rac8 14. e4 a6 15. Qe2 Qg4 16. f3 Qh5 17. Rbd1 Ne5 18. Ne3 Rfe8 19. Rf2 Nc6 20. h4 Qa5 21. Qe1 b5 22. Qe2 b4 23. Na4 Nd7 24. Nd5 Bxb2 25. Qxb2 Nce5 26. h5 Nxc4 27. bxc4 Qxa4 28. Rh1 Qa3 29. Qa1 e5 30. Qg1 Kg7 31. Qh2 Rh8 32. Qh4 1-0


[Site "https://www.chess.com"]

[Event "Titled Tuesday Blitz January 17 Early 2023"]
[White "Becerra, Juan David"]
[Black "Dominguez Perez, Leinier"]
[WhiteFideId "4404998"]
[BlackFideId "3503240"]
[WhiteElo "2382"]
[BlackElo "2739"]
[Result "0-1"]
[Round "02"]
[TimeControl "180+2"]
[Date "2023.01.17"]
[WhiteClock "0:01:29"]
[BlackClock "0:01:58"]

1. d4 d5 2. c4 dxc4 3. e4 e5 4. d5 Nf6 5. Nc3 c6 6. Bxc4 b5 7. Bd3 b4 8. Nce2 cxd5 9. exd5 Qxd5 10. f3 Be7 11. Be3 O-O 12. Bc2 Qa5 13. Bb3 Rd8 14. Qc2 Ba6 15. Ng3 Bd3 16. Qc1 Na6 17. Qc6 Nc5 0-1


[Site "https://www.chess.com"]

[Event "Titled Tuesday Blitz January 17 Early 2023"]
[White "Luukkonen, Tommi"]
[Black "Predke, Alexandr"]
[WhiteFideId "501808"]
[BlackFideId "24107581"]
[WhiteElo "2292"]
[BlackElo "2685"]
[Result "0-1"]
[Round "02"]
[TimeControl "180+2"]
[Date "2023.01.17"]
[WhiteClock "0:01:12"]
[BlackClock "0:00:05"]

1. e4 c5 2. Nf3 e6 3. d4 cxd4 4. Nxd4 a6 5. Bd3 Bc5 6. Nb3 Ba7 7. Qe2 Nc6 8. Be3 Nf6 9. Bxa7 Rxa7 10. Nc3 d6 11. O-O b5 12. a4 b4 13. Nd1 O-O 14. Ne3 d5 15. exd5 exd5 16. Rad1 Qb6 17. Qf3 Ne5 18. Qg3 Re8 19. a5 Qc7 20. Nf5 Bxf5 21. Bxf5 Nc4 22. Qxc7 Rxc7 23. Rb1 Ne4 24. Rfd1 g6 25. Bg4 h5 26. Bf3 Re5 27. Rd3 Nf6 28. h3 Nd6 29. Nd4 Rc5 30. Ra1 Nc4 31. Nb3 Rb5 32. Nd4 Rxa5 33. Rxa5 Nxa5 34. Nb3 Nc4 35. Nc5 a5 36. b3 Re1+ 37. Kh2 Ne5 38. Re3 Nxf3+ 39. gxf3 Rc1 40. Re2 h4 41. Nb7 Ra1 42. Nd6 Kf8 43. f4 Ra2 44. Nb5 a4 45. bxa4 b3 46. Nc3 b2 47. Re1 Ra3 48. Nb1 Rxa4 49. Re3 Ra1 50. Re1 Ne4 0-1


[Site "https://www.chess.com"]

[Event "Titled Tuesday Blitz January 17 Early 2023"]
[White "Rengifo Blancas, Renzo Jhonathan"]
[Black "Molina, Roberto Junio Brito"]
[WhiteFideId "3807185"]
[BlackFideId "2109450"]
[WhiteElo "2131"]
[BlackElo "2403"]
[Result "0-1"]
[Round "02"]
[TimeControl "180+2"]
[Date "2023.01.17"]
[WhiteClock "0:00:05"]
[BlackClock "0:02:18"]

1. e4 c6 2. d4 d5 3. Nc3 dxe4 4. Nxe4 Nd7 5. Ng5 Ngf6 6. Bd3 e6 7. N1f3 Bd6 8. Qe2 h6 9. Ne4 Nxe4 10. Qxe4 Qc7 11. Bd2 b6 12. Qg4 g5 13. Qh3 Rg8 14. Qxh6 Bf8 15. Qh3 g4 16. Qh7 Rg7 17. Qh8 gxf3 18. gxf3 Bb7 19. Bh6 O-O-O 20. O-O-O Rg8 21. Qh7 Nf6 22. Qxg8 Bxh6+ 23. Kb1 Rxg8 0-1


[Site "https://www.chess.com"]

[Event "Titled Tuesday Blitz January 17 Early 2023"]
[White "Paichadze, Luka"]
[Black "Dinu, Dumitru-Daniel"]
[WhiteFideId "13602934"]
[BlackFideId "1208403"]
[WhiteElo "2515"]
[BlackElo "2203"]
[Result "1-0"]
[Round "02"]
[TimeControl "180+2"]
[Date "2023.01.17"]
[WhiteClock "0:01:36"]
[BlackClock "0:00:10"]

1. e4 c6 2. d4 d5 3. e5 Bf5 4. h4 h6 5. g4 Bd7 6. h5 c5 7. c3 Nc6 8. f4 cxd4 9. cxd4 Qb6 10. Nc3 Qxd4 11. Qf3 Nb4 12. Be3 Nc2+ 13. Kf2 Qxe3+ 14. Qxe3 Nxe3 15. Kxe3 e6 16. Nf3 Bc5+ 17. Nd4 Ne7 18. Nb5 Bxb5 19. Bxb5+ Kd8 20. Rac1 Rc8 21. Kd3 a6 22. Ba4 b5 23. Bb3 Bxd4 24. Kxd4 Nc6+ 25. Ke3 Kd7 26. Rhd1 Na5 27. f5 Rxc1 28. Rxc1 Rc8 29. Rxc8 Kxc8 30. f6 gxf6 31. exf6 Nc6 32. Kf4 Kd8 33. g5 hxg5+ 34. Kxg5 Nd4 35. h6 Nf3+ 36. Kf4 Nh4 37. Bc2 e5+ 38. Kxe5 Ke8 39. h7 Ng6+ 1-0


[Site "https://www.chess.com"]

[Event "Titled Tuesday Blitz January 17 Early 2023"]
[White "Horcajuelo Rocamora, Martin"]
[Black "Zemlyanskii, Ivan"]
[WhiteFideId "24573027"]
[BlackFideId "24249971"]
[WhiteElo "2107"]
[BlackElo "2300"]
[Result "1-0"]
[Round "02"]
[TimeControl "180+2"]
[Date "2023.01.17"]
[WhiteClock "0:00:04"]
[BlackClock "0:00:03"]

1. e4 c5 2. Nf3 e6 3. d4 cxd4 4. Nxd4 Nf6 5. Nc3 Nc6 6. Ndb5 Bc5 7. Nd6+ Ke7 8. Bf4 e5 9. Nf5+ Kf8 10. Bg5 d6 11. Bc4 Be6 12. Nd5 Bxf2+ 13. Kf1 Bc5 14. Bxf6 gxf6 15. Qh5 h6 16. Rd1 Nd4 17. Nxd4 Bxd4 18. c3 Bc5 19. Qf3 Rg8 20. h3 Rg6 21. g4 Kg7 22. Bb3 a5 23. a4 Rb8 24. Bc4 Bd7 25. b4 axb4 26. cxb4 Bd4 27. Bb3 Be6 28. Ke2 Rc8 29. Rc1 Rxc1 30. Rxc1 Rg5 31. Rf1 Rg6 32. Bc4 Qc8 33. Qb3 Qd8 34. Rc1 h5 35. gxh5 Rg2+ 36. Kd1 Qh8 37. Be2 Qh6 38. Qf3 Rg1+ 39. Bf1 Qg5 40. Rc2 Bxh3 41. Ne3 Bxe3 42. Qxh3 Qf4 43. Rg2+ 1-0


[Site "https://www.chess.com"]